 Dungeon Crawl Stone Soup version 0.30.1-3-gfc49f6343a (webtiles) character file.

Game seed: 12730842573360629709

1439 Tirrikindir the Slasher (level 8, 0/55 HPs)
             Began as an Octopode Fighter on July 26, 2023.
             Was a Follower of Okawaru.
             Slain by an ice beast (2 damage)
             ... on level 7 of the Dungeon.
             The game lasted 00:20:34 (6104 turns).

Tirrikindir the Slasher (Octopode Fighter)          Turns: 6104, Time: 00:20:34

Health: 0/55       AC:  1    Str: 15    XL:     8   Next: 74%
Magic:  11/11      EV: 14    Int: 14    God:    Okawaru [*.....]
Gold:   261        SH:  6    Dex: 13    Spells: 7/7 levels left

rFire   + . .        c - +4 demon blade (drain)
rCold   . . .        b - +1 buckler
rNeg    . . .        (helmet restricted)
rPois   +            (no amulet)
rElec   .            q - ring "Zontikh" {Fly rPois rF+ Int+3}
rCorr   .            (no ring)
SInv    .            (no ring)
Will    .....        (no ring)
Stlth   ++++         (no ring)
HPRegen 0.29/turn    (no ring)
MPRegen 0.12/turn    (no ring)
                     (no ring)

%: no passive effects
@: about to teleport, flying
A: almost no armour, amphibious, 8 rings, camouflage 1, gelatinous body 1,
(nimble swimmer 1), tentacles
a: Renounce Religion, Heroism


You were on level 7 of the Dungeon.
You worshipped Okawaru.
Okawaru was aware of your devotion.
You visited 2 branches of the dungeon, and saw 8 of its levels.

You collected 261 gold pieces.

Inventory:

Hand Weapons
 c - a +4 demon blade of draining (weapon)
 i - a +4 dagger
Missiles
 j - 12 boomerangs (quivered)
Armour
 b - a +1 buckler (worn)
Jewellery
 q - the ring "Zontikh" (left tentacle) {Fly rPois rF+ Int+3}
   (You found it on level 6 of the Dungeon)

   [ring of protection from fire]

   Int:       It affects your intelligence (+3).
   rF:        It protects you from fire.
   rPois:     It protects you from poison.
   Fly:       It grants you flight.
Wands
 d - a wand of iceblast (15)
 h - a wand of polymorph (7)
Scrolls
 a - a scroll of immolation
 f - 5 scrolls of teleportation
 n - 2 scrolls of poison
 o - a scroll of amnesia {unknown}
 p - a scroll of enchant weapon {unknown}
 r - a scroll of fog {unknown}
 t - a scroll of silence {unknown}
Potions
 e - 3 potions of cancellation
 g - a potion of berserk rage
 k - a potion of invisibility
 l - a potion of curing
 m - a potion of lignification {unknown}
 s - a potion of ambrosia {unknown}
 u - a potion of might


   Skills:
 - Level 5.0 Fighting
 * Level 6.4 Long Blades
 - Level 4.0 Dodging
 + Level 5.8 Stealth
 - Level 4.0 Shields
 * Level 4.0 Invocations
 - Level 3.0 Evocations


You had 7 spell levels left.
You didn't know any spells.
Your spell library contained the following spells:

 Spells                   Type           Power      Damage    Failure   Level
 Apportation              Tloc           0%         N/A       36%         1
 Cigotuvi's Dreadful Rot  Necr/Pois/Air  0%         N/A       50%         2
 Poisonous Vapours        Pois/Air       0%         N/A       50%         2
 Mephitic Cloud           Conj/Pois/Air  0%         N/A       73%         3
 Dispel Undead            Necr           0%         3d6       98%         4
 Alistair's Intoxication  Tmut/Pois      0%         N/A       100%        5
 Freezing Cloud           Conj/Ice/Air   0%         6-21      100%        5
 Death Channel            Necr           Unusable   N/A       N/A         6

Dungeon Overview and Level Annotations

Branches:
Dungeon (7/15)             Temple (1/1) D:5

Altars:
Cheibriados
Hepliaklqana
Kikubaaqudgha
Nemelex Xobeh
Okawaru
Qazlal
Ru
Sif Muna
Trog
Uskayaw
Vehumet
Zin

Shops:
D:5 [   D:6 :


Innate Abilities, Weirdness & Mutations

You cannot wear most types of armour.
You are amphibious.
You can wear up to eight rings at the same time.
Your skin changes colour to match your surroundings (Stealth+).
Your rubbery body absorbs attacks. (AC +1, EV +1)
((You are camouflaged when in or above water. (Stealth+)))
You have tentacles for arms and can constrict up to eight enemies at once.


Message History

Okawaru accepts your kill.
Your Invocations skill increases to level 4!
Things that are here:
a +0 giant spiked club; an ogre corpse Magic restored.
An ice beast comes into view.
A black bear comes into view.
The black bear growls angrily.
The ice beast hits you. The ice beast freezes you.
You hit the ice beast but do no damage. The ice beast closely misses you.
You barely miss the ice beast.
You squeeze the ice beast, but do no damage.
You block the ice beast's attack.
You closely miss the ice beast. Your squeeze misses the ice beast.
The ice beast hits you. The ice beast freezes you! The black bear bites you.
The black bear misses you. The black bear barely misses you.
The black bear attacks as you move away!
The black bear barely misses you. The black bear misses you.
The black bear claws you.
* * * LOW HITPOINT WARNING * * *
The black bear attacks as you move away!
The black bear completely misses you. The black bear claws you.
* * * LOW HITPOINT WARNING * * *
The black bear claws you but does no damage.
The black bear attacks as you move away!
You block the black bear's attack. The black bear barely misses you.
The black bear closely misses you. The ice beast attacks as you move away!
The ice beast barely misses you.
Things that are here:
a +0 giant spiked club; an ogre corpse The black bear attacks as you move away!
The black bear closely misses you. You block the black bear's attack.
The black bear barely misses you. The ice beast attacks as you move away!
The ice beast hits you.
* * * LOW HITPOINT WARNING * * *
The ice beast freezes you!
* * * LOW HITPOINT WARNING * * *
As you read the scroll of teleportation, it crumbles to dust.
You feel strangely unstable. The ice beast hits you.
You die...

#. .# #.#####...# #.#
.# ##.# #...# #..# ##.#
#..# ####. #.. #..
##.## ######. #..
#.###..# ##..†... .
#.##.#...####..#.†## ..
#....#.### #.....##
#.####.....## #...###
#....#@##...# #.###
#..Yh..#.# #.# ###
####...###.###.# ....
#........##....^###....
.......................
#.##..###..#...........
.. #.## ##......<.#....
# #. #.....†..# ... ..
#........# .


You could see a black bear and an ice beast.

Vanquished Creatures
  A water moccasin (D:6)
  4 ogres
  A centaur (D:5)
  A bullfrog (D:7)
  4 scorpions
  4 howler monkeys
  Crazy Yiuf (D:5)
  A jelly (D:6)
  2 orc priests (D:5)
  3 hounds
  Jessica (D:2)
  A sleepcap (D:6)
  3 iguanas
  An orc wizard (D:5)
  2 adders (D:4)
  3 dart slugs
  5 orcs
  7 ball pythons
  5 endoplasms
  4 giant cockroaches
  11 goblins
  6 hobgoblins
  5 jackals
  4 quokkas
  8 bats
  3 frilled lizards
  2 kobolds
  6 rats
99 creatures vanquished.

Notes
Turn   | Place    | Note
-------+----------+-------------------------------------------
     0 | D:1      | Tirrikindir the Octopode Fighter began the quest for the
                  | Orb.
     0 | D:1      | Reached XP level 1. HP: 16/16 MP: 1/1
   129 | D:1      | Reached XP level 2. HP: 11/21 MP: 2/2
   190 | D:1      | Reached skill level 1 in Stealth
   377 | D:1      | Reached XP level 3. HP: 26/26 MP: 3/3
   910 | D:2      | Noticed Jessica
   916 | D:2      | Killed Jessica
   917 | D:2      | Reached XP level 4. HP: 31/31 MP: 4/4
  1232 | D:2      | Found a radiant altar of Vehumet.
  1241 | D:2      | Reached skill level 3 in Long Blades
  1698 | D:3      | Noticed a scorpion
  1714 | D:3      | Killed a scorpion
  1715 | D:3      | Reached XP level 5. HP: 24/36 MP: 5/5
  3071 | D:4      | Identified a scroll of acquirement
  3072 | D:4      | Acquired a +4 demon blade of draining
  3571 | D:5      | Entered Level 5 of the Dungeon
  3595 | D:5      | Reached XP level 6. HP: 29/43 MP: 6/6
  3709 | D:5      | Reached skill level 4 in Long Blades
  3709 | D:5      | Reached skill level 1 in Evocations
  3760 | D:5      | Found Itiumun's Antique Armour Boutique.
  3916 | D:5      | Reached XP level 7. HP: 48/48 MP: 7/7
  4206 | D:5      | Reached skill level 5 in Long Blades
  4229 | D:5      | Found a staircase to the Ecumenical Temple.
  4235 | Temple   | Entered the Ecumenical Temple
  4323 | Temple   | Became a worshipper of Warmaster Okawaru
  4387 | D:5      | Found a runed translucent door.
  4388 | D:5      | Noticed Crazy Yiuf
  4395 | D:5      | Killed Crazy Yiuf
  4539 | D:5      | Found a bloodstained altar of Trog.
  4541 | D:5      | Found a hazy altar of Hepliaklqana.
  4915 | D:6      | Identified the ring "Zontikh" {Fly rPois rF+ Int+3}
  4957 | D:6      | Found Liufefridd's Book Emporium.
  4999 | D:6      | Reached skill level 1 in Invocations
  5219 | D:6      | Reached XP level 8. HP: 54/54 MP: 7/9
  5371 | D:6      | Reached skill level 5 in Stealth
  5377 | D:6      | Identified the +6 falchion of the Flying Fool {venom, Str+3
                  | Stlth+}
  5413 | D:6      | Reached * piety under Okawaru
  5968 | D:7      | Reached skill level 5 in Fighting
  5968 | D:7      | Reached skill level 6 in Long Blades
  6103 | D:7      | HP: 1/55 [ice beast (10)]
  6104 | D:7      | Slain by an ice beast

Illustrated notes

Levels and vault maps discovered:
D:1:      kilobyte_arrival_exit_the_forest, layout_basic, st_stairs_10,
          chequers_serial_rivers_micro_a, minmay_fountain_box, minmay_3d_cube
D:2:      layout_basic, basic_altar, nicolae_kite_square_tiling_tiny,
          ebering_dispersal_statue_hall, uniq_jessica
D:3:      layout_basic, minmay_diced_spiral
D:4:      layout_cave_pods
D:5:      layout_basic, chequers_temple_overflow_statue_of_worship,
          minmay_temple_entry_hall, serial_shops, shop, kennysheep_boxes,
          uniq_crazy_yiuf_cottage
D:6:      layout_loops_corners, serial_shops, shop
D:7:      layout_rooms, nicolae_overflow_hallway_of_the_gods, serial_shops,
          nicolae_shop_dealshenge, uniq_pikel
Temple:   zaba_magenta_temple

Skill      XL: |  1  2  3  4  5  6  7  8 |
---------------+-------------------------+-----
Stealth        | 1 2 3 4 5 |  5.8
Long Blades    | 3 4 5 6 |  6.4
Evocations     | 1 2 3 |  3.0
Fighting       | 4 5 |  5.0
Shields        | 4 |  4.0
Dodging        | 4 |  4.0
Invocations    | 1 4 |  4.0

Action                     |  1- 3 |  4- 6 |  7- 9 || total
---------------------------+-------+-------+-------++-------
  Melee: Long sword        |    51 |    77 |       ||   128
         Constrict         |    10 |    25 |    10 ||    45
         Tentacles         |     6 |    23 |    14 ||    43
         Punch             |     2 |     4 |       ||     6
         Demon blade       |       |    27 |    60 ||    87
  Throw: Boomerang         |       |       |     1 ||     1
    Use: Scroll            |     1 |     8 |     4 ||    13
         Potion            |       |     1 |     1 ||     2
   Stab: Sleeping          |     5 |     5 |     4 ||    14
         Distracted        |       |       |     1 ||     1
 Armour: Skin              |     7 |     9 |     2 ||    18
  Dodge: Dodged            |    31 |    73 |    40 ||   144
  Block: Buckler           |     8 |    25 |    16 ||    49
